 Dungeon Crawl Stone Soup version 0.27.1 (webtiles) character file.

Game seed: 9220096724379484119

37 r3algoood the Firebug (level 3, 0/19 HPs)
             Began as a Deep Elf Fire Elementalist on Aug 31, 2021.
             Succumbed to an adder's poison
             ... on level 2 of the Dungeon.
             The game lasted 00:03:53 (1388 turns).

r3algoood the Firebug (Deep Elf Fire Elementalist)  Turns: 1388, Time: 00:03:53

Health: 0/19       AC:  2    Str:  5    XL:     3   Next: 23%
Magic:  4/10       EV: 13    Int: 20    God:
Gold:   120        SH:  0    Dex: 15    Spells: 8/9 levels left

rFire    . . .     SeeInvis .   (no weapon)
rCold    . . .     Faith    .   (no shield)
rNeg     . . .     Spirit   .   a - +0 robe
rPois    .         Reflect  .   (no helmet)
rElec    .         Harm     .   (no cloak)
rCorr    .         Rampage  .   (no gloves)
Will     .....                  (no boots)
Stlth    ++........             (no amulet)
HPRegen  0.06/turn              (no ring)
MPRegen  0.12/turn              (no ring)

@: lethally poisoned (0 -> -2)
A: no striking features
a: no special abilities


You were on level 2 of the Dungeon.
You visited 1 branch of the dungeon, and saw 2 of its levels.

You collected 120 gold pieces.

Inventory:

Armour
 a - a +0 robe (worn)
Jewellery
 h - an amulet of faith
Scrolls
 b - a scroll of immolation {unknown}
 d - a scroll of identify {unknown}
 f - a scroll of magic mapping {unknown}
 g - 2 scrolls of vulnerability {unknown}
Potions
 c - 2 potions of berserk rage {unknown}
 e - a potion of degeneration {unknown}


   Skills:
 + Level 2.7 Dodging
 + Level 2.5 Stealth
 + Level 3.7 Spellcasting
 + Level 1.4 Conjurations
 + Level 4.0 Fire Magic


You had 8 spell levels left.
You knew the following spells:

 Your Spells              Type           Power      Damage    Failure   Level
a - Foxfire               Conj/Fire      56%        2x1d6     4%          1

Your spell library contained the following spells:

 Spells                   Type           Power      Damage    Failure   Level
 Conjure Flame            Conj/Fire      14%        6-21      13%         3
 Inner Flame              Hex/Fire       11%        N/A       17%         3
 Sticky Flame             Conj/Fire      14%        2d4       38%         4
 Fireball                 Conj/Fire      7%         3d5       75%         5


Dungeon Overview and Level Annotations

Branches:
Dungeon (2/15)

Altars:
Nemelex Xobeh


Message History

The giant cockroach barely misses you.
Your foxfire dissipates!
The foxfire hits the adder.
The adder is heavily wounded.
The adder completely misses you. The giant cockroach barely misses you.
Your magical contamination has completely faded away.
Casting: Foxfire (safe; 4% risk of failure)
Confirm with . or Enter, or press ? or * to list all spells.
You conjure some foxfire!
The adder closely misses you. The giant cockroach closely misses you.
The adder bites you.
Your foxfire dissipates!
The foxfire hits the giant cockroach.
You kill the giant cockroach!
Casting: Foxfire (safe; 4% risk of failure)
Confirm with . or Enter, or press ? or * to list all spells.
You conjure some foxfire!
The adder closely misses you.
Your foxfire dissipates!
The foxfire hits the adder.
The adder is heavily wounded.
The adder bites you.
You are lethally poisoned!
The adder poisons you! The adder completely misses you.
* * * LOW HITPOINT WARNING * * *
You feel sick.
* * * LOW HITPOINT WARNING * * *
You feel sick.
Casting: Foxfire (safe; 4% risk of failure)
Confirm with . or Enter, or press ? or * to list all spells.
You conjure some foxfire!
* * * LOW HITPOINT WARNING * * *
You feel sick. The adder closely misses you.
Your foxfire dissipates!
* * * LOW HITPOINT WARNING * * *
You feel sick.
The foxfire hits the adder.
The adder is almost dead.
Casting: Foxfire (safe; 4% risk of failure)
Confirm with . or Enter, or press ? or * to list all spells.
You conjure some foxfire!
You die...

##...##.###.#.#
...#......#.#.#
...#..).#.#.#.#
.#.#..†...#.#.#
...#...#..#.#.#
.###......#.#.#
.>........#.#.#
<..#......#.#.#########
......<........v@S....+
.###......#.#.#.§v....#
...#......#.#.#.......#
.#.#..÷.....#.#......†+
.#.#........#.#.......#
.#.#........#.#.......#
...#........#.#.......#
####..##....#.#.......#
.v........#.#.#.......#


You could see an adder (ally target).

Vanquished Creatures
  An adder skeleton (D:2)
  A dart slug (D:1)
  2 endoplasms (D:1)
  A giant cockroach (D:2)
  2 hobgoblins
  5 kobolds
  3 ball pythons (D:1)
  7 bats (D:1)
  4 frilled lizards
  4 goblins (D:1)
  3 rats
33 creatures vanquished.

Vanquished Creatures (others)
  62 foxfires
62 creatures vanquished.

Grand Total: 95 creatures vanquished

Notes
Turn   | Place    | Note
-------+----------+-------------------------------------------
     0 | D:1      | r3algoood the Deep Elf Fire Elementalist began the quest
                  | for the Orb.
     0 | D:1      | Reached XP level 1. HP: 10/10 MP: 6/6
   396 | D:1      | Reached XP level 2. HP: 15/15 MP: 4/8
   936 | D:1      | Reached skill level 4 in Fire Magic
  1084 | D:2      | Reached XP level 3. HP: 19/19 MP: 7/10
  1258 | D:2      | Found a sparkling altar of Nemelex Xobeh.
  1388 | D:2      | Succumbed to an adder's poison

Illustrated notes

Levels and vault maps discovered:
D:1:      minmay_arrival_shoal_huts, layout_loops_ring, minmay_quantized
D:2:      layout_basic, basic_altar, hellmonk_ecumenical_altar_heavens_door

Skill      XL: |  1  2 |
---------------+-------+-----
Fire Magic     | 4 |  4.0
Dodging        | |  2.7
Stealth        | |  2.5
Spellcasting   | |  3.7
Conjurations   | |  1.4

Action                   || total
-------------------------++-------
Melee: Unarmed           ||     7
 Cast: Foxfire           ||    58
Armor: Robe              ||    17
Dodge: Dodged            ||    41
